 Dungeon Crawl Stone Soup version 0.21.1 (webtiles) character file.

76 shakethe the Unweaver (level 4, 0/35 HPs)
             Began as a Demonspawn Abyssal Knight on Feb 3, 2018.
             Was a Follower of Lugonu.
             Slain by a gnoll
             ... wielding a +0 halberd
              (6 damage)
             ... on level 3 of the Dungeon.
             The game lasted 00:13:43 (2676 turns).

shakethe the Unweaver (Demonspawn Abyssal Knight)   Turns: 2676, Time: 00:13:44

Health: 0/35       AC:  7    Str: 14    XL:     4   Next: 12%
Magic:  7/7        EV:  9    Int: 13    God:    Lugonu [*.....]
Gold:   68         SH:  0    Dex: 12    Spells: 3/3 levels left

rFire    . . .     SeeInvis .   a - +1 mace
rCold    + . .     Gourm    .   (no shield)
rNeg     . . .     Faith    .   n - +1 scale mail
rPois    .         Spirit   .   (no helmet)
rElec    .         Reflect  .   (no cloak)
rCorr    .         Harm     .   (no gloves)
MR       +....                  (no boots)
Stlth    ..........             (no amulet)
HPRegen  0.11/turn              (no ring)
MPRegen  0.10/turn              (no ring)

@: no status effects
A: hooves 1, cold resistance 1, magic resistance 1, spiny 1
a: Depart the Abyss, Renounce Religion


You were on level 3 of the Dungeon.
You worshipped Lugonu.
Lugonu was aware of your devotion.
You were not hungry.

You visited 1 branch of the dungeon, and saw 3 of its levels.
You visited the Abyss 1 time.

You collected 68 gold pieces.

Inventory:

Hand Weapons
 a - a +1 mace (weapon)
 f - a +0 blowgun
 r - a +0 whip
 t - a +1 mace of draining
Missiles
 s - 17 poisoned needles (quivered)
Armour
 b - a +0 leather armour
 h - a +0 leather armour
 n - a +1 scale mail (worn)
Jewellery
 j - an uncursed ring of ice
 m - an uncursed ring of resist corrosion {unknown}
 p - an uncursed ring of protection from fire
Scrolls
 d - 2 scrolls of teleportation
 e - a scroll of remove curse
Potions
 g - 2 potions of curing {unknown}
 o - a potion of magic
 q - a potion of mutation
Comestibles
 c - 2 rations


   Skills:
 - Level 3.0 Fighting
 + Level 3.1 Maces & Flails
 - Level 1.7 Armour
 - Level 0.8 Dodging
 + Level 4.3 Invocations


You had 3 spell levels left.
You didn't know any spells.

Dungeon Overview and Level Annotations

Branches:
Dungeon (3/15)

Altars:
Elyvilon
Zin


Innate Abilities, Weirdness & Mutations

You have large cloven feet.
You are partially covered in sharp spines.
Your flesh is cold resistant. (rC+)
You are resistant to hostile enchantments. (MR+)


Message History

You eat one of the 3 rations.
That ration really hit the spot!
There is a stone staircase leading down here.
You climb downwards.
The gnoll barely misses you. The gnoll hits you but does no damage.
There is a stone staircase leading up here.
You hit the gnoll.
The gnoll is heavily wounded.
The gnoll is struck by your spines. The gnoll hits you with a halberd!
The gnoll hits you from afar with a spear!
The kobold barely misses you.
You closely miss the gnoll. Your kick misses the gnoll.
The gnoll is heavily wounded.
The gnoll hits you but does no damage. The gnoll closely misses you.
The kobold is struck by your spines. The kobold hits you.
* * * LOW HITPOINT WARNING * * *
The gnoll hits you from afar with a spear.
* * * LOW HITPOINT WARNING * * *
You can't go down here!
The gnoll is struck by your spines. The gnoll hits you with a halberd.
You die...

# #.#.#.# #.# #.#.#.#
#.# #.#.#.# #.#
#.#.#.########.#.#
#.....รท........#.#
#######.##########.#
.................#.#
.........#######.#.#####
..g...g....g...g@......#
.........#####gK.#.##.##
.........#.......#.# #
.........#.#........
.........# #.#.#>####
########.# #.#.#.# #.#
#.#.... #.# # #.#.## ..


You could see 3 gnolls and a kobold.

Vanquished Creatures
  2 adders (D:2)
  An ooze (D:1)
  2 dart slugs (D:1)
  A leopard gecko (D:1)
  5 giant cockroaches
  5 goblins
  6 hobgoblins
  5 jackals (D:1)
  3 bats
  4 frilled lizards (D:1)
  7 kobolds
  5 rats
46 creatures vanquished.

Notes
Turn   | Place    | Note
-------+----------+-------------------------------------------
     0 | Abyss:1  | shakethe the Demonspawn Abyssal Knight began the quest for the Orb.
     0 | Abyss:1  | Reached XP level 1. HP: 18/18 MP: 2/2
     0 | D:1      | Escaped the Abyss
   126 | D:1      | Reached skill level 3 in Invocations
   126 | D:1      | Gained mutation: You are partially covered in sharp spines. [demonic ancestry]
   126 | D:1      | Reached XP level 2. HP: 20/24 MP: 2/4
   138 | D:1      | Reached * piety under Lugonu
   703 | D:1      | Gained mutation: You have large cloven feet. [demonic ancestry]
   703 | D:1      | Reached XP level 3. HP: 26/29 MP: 5/5
  1128 | D:2      | Reached skill level 4 in Invocations
  1490 | D:2      | Gained mutation: Your spells are a little easier to cast, but a little less powerful. [potion of mutation]
  1490 | D:2      | Gained mutation: You occasionally shout uncontrollably at your foes. [potion of mutation]
  1490 | D:2      | Gained mutation: You are agile. (Dex +2) [potion of mutation]
  1490 | D:2      | Gained mutation: You have a pair of small antennae on your head. [potion of mutation]
  1517 | D:2      | Found a white marble altar of Elyvilon.
  1537 | D:2      | Found a glowing silver altar of Zin.
  1565 | D:2      | Lost mutation: Your spells are a little easier to cast, but a little less powerful. [potion of mutation]
  1565 | D:2      | Lost mutation: You occasionally shout uncontrollably at your foes. [potion of mutation]
  1565 | D:2      | Lost mutation: You have a pair of small antennae on your head. [potion of mutation]
  1565 | D:2      | Lost mutation: You are agile. (Dex +2) [potion of mutation]
  1565 | D:2      | Gained mutation: Your flesh is cold resistant. (rC+) [potion of mutation]
  1565 | D:2      | Gained mutation: You are resistant to hostile enchantments. (MR+) [potion of mutation]
  1824 | D:2      | Reached ** piety under Lugonu
  1824 | D:2      | Reached XP level 4. HP: 32/35 MP: 7/7
  2676 | D:3      | Slain by a gnoll

Skill      XL: |  1  2  3 |
---------------+----------+-----
Maces & Flails | 2 3 |  3.1
Invocations    | 3 4 |  4.3
Fighting       | |  3.0
Armour         | |  1.7
Dodging        | |  0.8

Action                   |  1- 3 |  4- 6 || total
-------------------------+-------+-------++-------
Melee: Mace              |    80 |    11 ||    91
       Kick              |     7 |     3 ||    10
Invok: Depart the Abyss  |     1 |       ||     1
  Use: Potion            |     7 |     2 ||     9
       Scroll            |     7 |     1 ||     8
  Eat: Chunk             |     3 |     1 ||     4
       Ration            |       |     1 ||     1
Armor: Leather armour    |    18 |       ||    18
       Scale mail        |    14 |    11 ||    25
Dodge: Dodged            |    51 |    11 ||    62
